 Dungeon Crawl Stone Soup version 0.30.0-16-gbe6223bb7e (webtiles) character file.

Game seed: 1233461407276894397

2 esper6 the Sneak (level 1, -3/11 HPs)
             Began as a Vine Stalker Delver on May 20, 2023.
             Slain by a worm (9 damage)
             ... on level 3 of the Dungeon.
             The game lasted 00:00:40 (151 turns).

esper6 the Sneak (Vine Stalker Delver)               Turns: 151, Time: 00:00:40

Health: -3/11      AC:  3    Str: 14    XL:     1   Next: 30%
Magic:  0/2        EV: 11    Int: 10    God:
Gold:   11         SH:  0    Dex: 15    Spells: 0/0 levels left

rFire   . . .        a - +0 short sword
rCold   . . .        (no shield)
rNeg    . . .        b - +0 leather armour
rPois   .            (no helmet)
rElec   .            (no cloak)
rCorr   .            (no gloves)
SInv    .            (no boots)
Will    .....        (no amulet)
Stlth   +++          (no ring)
HPRegen 0.21/turn    (no ring)
MPRegen 0.08/turn

%: guardian spirit
@: no status effects
A: fangs 2, magic shield, antimagic bite, no potion heal 2
a: no special abilities


You were on level 3 of the Dungeon.
You visited 1 branch of the dungeon, and saw 3 of its levels.

You collected 11 gold pieces.

Inventory:

Hand Weapons
 a - a +0 short sword (weapon)
Armour
 b - a +0 leather armour (worn)
Jewellery
 h - a +6 ring of intelligence
Wands
 g - a wand of digging (3)
Scrolls
 c - a scroll of fog
 d - a scroll of magic mapping
 e - a scroll of fear
 i - a scroll of identify {unknown}
Potions
 f - a potion of haste
 j - a potion of curing {unknown}


   Skills:
 + Level 2.7 Fighting
 * Level 1.8 Short Blades
 - Level 1.5 Dodging
 + Level 6.1 Stealth


You couldn't memorise any spells.
You didn't know any spells.
Your spell library was empty.

Dungeon Overview and Level Annotations

Branches:
Dungeon (5/15)
 Temple: D:4-7

Altars:
Cheibriados
Dithmenos
Gozag

Shops:
D:5 *


Innate Abilities, Weirdness & Mutations

You have extremely sharp teeth.
When hurt, damage is shared between your health and your magic reserves.
Your bite disrupts and absorbs the magic of your enemies.
Potions cannot restore your health.


Message History

You open the door.
There is an open door here.
Found a snail-covered altar of Cheibriados.
You now have 11 gold pieces.
You open the door.
There is an open door here.
You open the door.
There is an open door here.
A hobgoblin comes into view.
Found a stone staircase leading down.
A worm comes into view.
A rat comes into view.
The hobgoblin shouts!
You hit the hobgoblin. You bite the hobgoblin.
You kill the hobgoblin!
Found 8 gold pieces.
The worm bites you.
You hit the worm.
The worm is lightly wounded.
You barely miss the worm. Your bite misses the worm.
The worm is lightly wounded.
The rat barely misses you. The worm barely misses you.
You hit the worm but do no damage. The rat closely misses you.
You hit the worm but do no damage. You bite the worm, but do no damage.
The rat barely misses you. The worm bites you!
Ouch! That really hurt!
You are too injured to fight recklessly!
You hit the rat.
You kill the rat!
The worm barely misses you.
You see here a hobgoblin corpse.
There is an open door here.
There is a stone staircase leading down here.
There is a stone staircase leading down here.
You hit the worm but do no damage. You hit the worm. Your bite misses the worm.
The worm is lightly wounded.
The worm bites you!
Ouch! That really hurt!
You die...

♣♣ #........#
~~♣#........#
..........##
#..........
#..†...... # ♣♣#
##w...$..... ♣.#
#...####.#
#.####†.......###
#..@w'...........
######...########
≈.
............#...#
≈.
########......#.#
≈. .............#.#
≈.
.............#.#♣.≈
####...#.#'#'#..♣..
#.#...........♣
#.###......##.#.


You could see a worm.

Vanquished Creatures
  A hobgoblin (D:3)
  A rat (D:3)
2 creatures vanquished.

Notes
Turn   | Place    | Note
-------+----------+-------------------------------------------
     0 | D:5      | esper6 the Vine Stalker Delver began the quest for the Orb.
     0 | D:5      | Reached XP level 1. HP: 11/11 MP: 2/2
    11 | D:5      | Found an opulent altar of Gozag.
    14 | D:5      | Noticed a lemure
    14 | D:5      | Noticed a lemure
    33 | D:5      | Found Ogguh's CLEARANCE SALE!.
    41 | D:5      | Noticed an iguana
    52 | D:5      | Found a shadowy altar of Dithmenos.
    69 | D:5      | Noticed an orc priest
    69 | D:5      | Noticed an orc priest
   109 | D:3      | Found a snail-covered altar of Cheibriados.
   151 | D:3      | Slain by a worm

Illustrated notes

Levels and vault maps discovered:
D:3:      layout_basic, mainiacjoe_overflow_paths, serial_bayou_crossing,
          uniq_jessica, uniq_robin
D:4:      layout_gridville, serial_bayou_pond_a, uniq_edmund
D:5:      layout_rooms, grunt_gozag_statues, grunt_dithmenos_smoke_and_mirrors,
          gammafunk_temple_overflow_pools, ebering_ghost_disaster_area,
          minmay_misc_feat_secret_circle, grunt_ministairs_9,
          nicolae_shop_clearance, uniq_pikel

Action                     || total
---------------------------++-------
  Melee: Short sword       ||     8
         Bite              ||     2
 Armour: Leather armour    ||     1
  Dodge: Dodged            ||     8
